 Dungeon Crawl Stone Soup version 0.27-a0-1188-g73eefd5def (webtiles) character file.

Game seed: 2367392781784372871

42 leviel the Skirmisher (level 3, -10/33 HPs)
             Began as a Hill Orc Fighter on May 22, 2021.
             Splashed by Ijyb's acid (14 damage)
             ... on level 3 of the Dungeon.
             The game lasted 00:01:17 (942 turns).

leviel the Skirmisher (Hill Orc Fighter)             Turns: 942, Time: 00:01:18

Health: -10/33     AC:  3    Str: 19    XL:     3   Next: 54%
Magic:  3/3        EV:  7    Int:  8    God:
Gold:   40         SH:  9    Dex: 10    Spells: 2/2 levels left

rFire    . . .     SeeInvis .   a - +0 war axe
rCold    . . .     Faith    .   c - +0 kite shield
rNeg     . . .     Spirit   .   b - +0 scale mail
rPois    .         Reflect  .   (no helmet)
rElec    .         Harm     .   (no cloak)
rCorr    .         Rampage  .   (no gloves)
Will     .....                  (no boots)
Stlth    ..........             (no amulet)
HPRegen  0.11/turn              (no ring)
MPRegen  0.08/turn              (no ring)

@: corroded
A: no striking features
a: no special abilities


You were on level 3 of the Dungeon.
You visited 1 branch of the dungeon, and saw 3 of its levels.

You collected 40 gold pieces.

Inventory:

Hand Weapons
 a - a +0 war axe (weapon)
Armour
 b - a +0 scale mail (worn)
 c - a +0 kite shield (worn)
Scrolls
 f - 2 scrolls of teleportation {unknown}
Potions
 d - a potion of might
 e - 3 potions of curing {unknown}
 g - a potion of flight {unknown}


   Skills:
 * Level 4.1 Fighting
 + Level 3.4 Axes
 + Level 3.8 Armour
 + Level 0.2 Dodging
 + Level 3.6 Shields


You had 2 spell levels left.
You didn't know any spells.
Your spell library contained the following spells:

 Spells                   Type           Power      Damage    Failure   Level
 Magic Dart               Conj           0%         1d3       99%         1
 Blink                    Tloc           N/A        N/A       100%        2
 Call Imp                 Summ           0%         N/A       100%        2
 Slow                     Hex            0%         N/A       100%        2
 Conjure Flame            Conj/Fire      0%         6-21      100%        3
 Mephitic Cloud           Conj/Pois/Air  0%         N/A       100%        3


Dungeon Overview and Level Annotations

Branches:
Dungeon (3/15)

Altars:

Annotations:
D:2 1 runed translucent door, Crazy Yiuf
D:3 Ijyb


Message History

No target in view!
No target in view!
You see here a +0 club.
g - a fuming silvery potion
Found a hand axe.
Ijyb the Twisted Goblin comes into view.
She is wielding a +0 dagger, wearing a +1 leather armour of cold resistance and carrying a wand of acid (7).
Ijyb shouts!
Ijyb is nearby!
You block Ijyb's attack.
You hit Ijyb.
Ijyb is lightly wounded.
Ijyb screams, "No!
No, no, no, no!"
Ijyb hits you but does no damage. Ijyb screams, "I cut your head off!"
Ijyb hits you but does no damage.
You hit Ijyb.
Ijyb is lightly wounded.
Ijyb hits you with a +0 dagger.
You barely miss Ijyb.
Ijyb is lightly wounded.
You block Ijyb's attack. x2
You closely miss Ijyb.
Ijyb is lightly wounded.
Ijyb zaps a wand.
The bolt of acid hits you.
You are splashed with acid.
Ijyb hits you but does no damage.
You closely miss Ijyb.
Ijyb is lightly wounded.
Ijyb barely misses you.
You slash Ijyb!
Ijyb is heavily wounded.
Ijyb hits you with a +0 dagger. You block Ijyb's attack.
You hit Ijyb but do no damage.
Ijyb is heavily wounded.
Ijyb hits you but does no damage.
You slash Ijyb!
Ijyb is almost dead.
Ijyb zaps a wand.
The bolt of acid hits you!
* * * LOW HITPOINT WARNING * * *
The acid corrodes you!
You are splashed with acid!
You die...

############
#..........##
#.#######...# #.#
#...# #.#
####...#### #.#
#.........#
#@#)...........#
#g#............###
#.#.#####.........
#.# #........# #.#
#....#.#)# #..
........... ###
###.##...... #.
#.....# # #.#.###


You could see Ijyb.

Vanquished Creatures
  Terence (D:2)
  A worm (D:2)
  A giant cockroach (D:2)
  A goblin (D:3)
  A hobgoblin (D:3)
  4 jackals (D:2)
  2 quokkas
  A ball python (D:2)
  A frilled lizard (D:2)
13 creatures vanquished.

Notes
Turn   | Place    | Note
-------+----------+-------------------------------------------
     0 | D:1      | leviel the Hill Orc Fighter began the quest for the Orb.
     0 | D:1      | Reached XP level 1. HP: 19/19 MP: 1/1
    18 | D:1      | You fall into a shaft and drop 1 floor!
   175 | D:2      | Reached XP level 2. HP: 13/27 MP: 2/2
   546 | D:2      | Noticed Terence
   557 | D:2      | Killed Terence
   558 | D:2      | Reached skill level 4 in Fighting
   558 | D:2      | Reached XP level 3. HP: 23/33 MP: 3/3
   832 | D:2      | Found a runed translucent door.
   833 | D:2      | Noticed Crazy Yiuf
   931 | D:3      | Noticed Ijyb
   942 | D:3      | Splashed by Ijyb's acid

Illustrated notes

Levels and vault maps discovered:
D:1:      roderic_dead_forest, layout_basic, minmay_misc_feat_more_columns,
          minmay_tetromino_t4
D:2:      layout_loops_corners, kennysheep_generic_room_11,
          uniq_crazy_yiuf_cottage, uniq_terence
D:3:      layout_loops_ring, shapermc_ecumenical_altar_mp_vishouse, uniq_ijyb,
          uniq_grinder

Skill      XL: |  1  2 |
---------------+-------+-----
Fighting       | 4 |  4.1
Axes           | 3 |  3.4
Armour         | |  3.8
Dodging        | |  0.2
Shields        | |  3.6

Action                   || total
-------------------------++-------
Melee: War axe           ||    49
Armor: Scale mail        ||    26
Dodge: Dodged            ||    11
Block: Kite shield       ||    33

Table legend: (Time is in decaauts)
 A = Elapsed time spent in this place.
 B = Non-inter-level travel time spent in this place.
 C = Inter-level travel time spent in this place.
 D = Time resting spent in this place.
 E = Time spent auto-exploring this place.
 F = Levels seen in this place.
 G = Mean time per level.
                   A        B        C        D        E       F      G
               +--------+--------+--------+--------+--------+-----+--------+
         Total |    969 |    909 |     60 |    165 |    629 |   3 |  323.0 |
       Dungeon |    969 |    909 |     60 |    165 |    629 |   3 |  323.0 |
               +--------+--------+--------+--------+--------+-----+--------+

Top non-repeatable levels by time:
     D:2: 897 daAuts
     D:3: 53 daAuts
     D:1: 18 daAuts
